 Dungeon Crawl Stone Soup version 0.28.0-53-g5a82cb258f (webtiles) character file.

Game seed: 16428652680546785590

5187 pesado the Tainter (level 10, -2/63 HPs)
             Began as a Demonspawn Venom Mage on Aug 22, 2022.
             Was a Believer of Kikubaaqudgha.
             Slain by an orc warlord
             ... wielding a +0 dire flail
              (37 damage)
             ... on level 2 of the Orcish Mines on Aug 25, 2022.
             The game lasted 00:21:12 (12406 turns).

pesado the Tainter (Demonspawn Venom Mage)         Turns: 12406, Time: 00:21:13

Health: -2/63      AC:  6    Str:  8    XL:     10   Next: 34%
Magic:  4/28       EV: 12    Int: 21    God:    Kikubaaqudgha [**....]
Gold:   580        SH:  0    Dex: 14    Spells: 3/21 levels left

rFire   + . .      SeeInvis .   q - +1 whip (freeze)
rCold   + . .      Faith    .   (no shield)
rNeg    . . .      Spirit   .   E - +2 robe {rC+}
rPois   .          Reflect  .   (no helmet)
rElec   .          Harm     .   (no cloak)
rCorr   .          Rampage  .   (no gloves)
Will    .....                   (no boots)
Stlth   ++........              (no amulet)
HPRegen 0.20/turn               c - ring of protection from fire
MPRegen 0.21/turn               d - ring of magical power

@: no status effects
A: hooves 2, molten scales 1, demonic guardian 1, spiny 2
a: Renounce Religion, Receive Corpses


You were on level 2 of the Orcish Mines.
You worshipped Kikubaaqudgha.
Kikubaaqudgha was pleased with you.
You visited 3 branches of the dungeon, and saw 12 of its levels.

You collected 610 gold pieces.
You spent 30 gold pieces at shops.

Inventory:

Hand Weapons
 f - a +0 dagger
 q - a +1 whip of freezing (weapon)
 u - a +3 spear
Missiles
 e - a throwing net
 J - a curare-tipped dart
Armour
 E - a +2 robe of cold resistance (worn)
Magical Staves
 r - a staff of cold
 F - a staff of air
 I - a staff of fire
Jewellery
 c - a ring of protection from fire (left hand)
 d - a ring of magical power (right hand)
 m - a ring of flight
 w - a +6 ring of strength
Wands
 a - a wand of digging (4)
 l - a wand of charming (10)
 p - a wand of flame (1)
 v - a wand of paralysis (10)
 z - a wand of acid (11)
 D - a wand of mindburst (18)
Scrolls
 i - 2 scrolls of enchant armour
 s - 2 scrolls of fog
 x - a scroll of teleportation
 y - a scroll of noise
 A - a scroll of fear
 C - 2 scrolls of blinking
 H - a scroll of identify
Potions
 b - 5 potions of flight
 g - 3 potions of lignification
 j - 2 potions of heal wounds
 k - 3 potions of brilliance
 n - 2 potions of degeneration
 o - a potion of mutation {unknown}
 t - a potion of invisibility {unknown}
 B - a potion of ambrosia {unknown}
 G - a potion of attraction {unknown}


   Skills:
 - Level 0.4 Short Blades
 - Level 0.1 Maces & Flails
 - Level 1.7 Dodging
 - Level 1.7 Stealth
 - Level 6.4 Spellcasting
 - Level 2.1 Conjurations
 + Level 7.6 Necromancy
 - Level 0.8 Transmutations
 + Level 5.4 Air Magic
 - Level 10.4 Poison Magic


You had 3 spell levels left.
You knew the following spells:

 Your Spells              Type           Power      Damage    Failure   Level
a - Sting                 Tmut/Pois      100%       1d8       1%          1
b - Poisonous Vapours     Pois/Air       80%        N/A       1%          2
c - Mephitic Cloud        Conj/Pois/Air  32%        N/A       2%          3
d - Olgreb's Toxic Radia  Pois           50%        N/A       1%          4
e - Sublimation of Blood  Necr           38%        N/A       1%          2
f - Airstrike             Air            14%        N/A       10%         4
g - Corpse Rot            Necr/Air       68%        N/A       1%          2

Your spell library contained the following spells:

 Spells                   Type           Power      Damage    Failure   Level
 Animate Skeleton         Necr           76%        N/A       1%          1
 Pain                     Necr           100%       1d9       1%          1
 Vampiric Draining        Necr           38%        2d8       1%          3
 Slow                     Hex            24%        N/A       10%         1
 Scorch                   Fire           12%        2d5       14%         2
 Confusing Touch          Hex            6%         N/A       28%         3
 Inner Flame              Hex/Fire       6%         N/A       28%         3
 Summon Lightning Spire   Summ/Air       18%        N/A       30%         4
 Lightning Bolt           Conj/Air       11%        1d24      50%         5
 Flame Wave               Conj/Fire      11%        2d5       52%         4
 Petrify                  Tmut/Erth      8%         N/A       61%         4
 Cause Fear               Hex            3%         N/A       67%         4
 Irradiate                Conj/Tmut      6%         3d15      80%         5
 Fireball                 Conj/Fire      5%         3d5       86%         5
 Summon Forest            Summ/Tloc      3%         N/A       95%         5
 Summon Mana Viper        Hex/Summ       6%         N/A       95%         5
 Starburst                Conj/Fire      5%         6d4       100%        6
 Summon Cactus Giant      Summ           3%         N/A       100%        6
 Discord                  Hex            3%         N/A       100%        8
 Ignition                 Fire           3%         3d4       100%        8


Dungeon Overview and Level Annotations

Branches:
Dungeon (9/15)             Temple (1/1) D:4             Orc (1/2) D:9
   Lair: D:8-11

Altars:
Ashenzari
Cheibriados
Dithmenos
Elyvilon
Fedhas
Gozag
Hepliaklqana
Kikubaaqudgha
Makhleb
Nemelex Xobeh
Okawaru
Qazlal
Ru
Sif Muna
Trog
Uskayaw
Vehumet
Wu Jian
Xom
Yredelemnul
Zin
The Shining One

Shops:
D:7 (   D:8 ?   D:9 =   Orc:2 (

Annotations:
D:6 3 runed translucent doors, safid's ghost, novice HOFi


Innate Abilities, Weirdness & Mutations

You have hoof-like feet.
You are partially covered in molten scales. (AC +2)
A weak demonic guardian rushes to your aid.
You are mostly covered in sharp spines.


Message History

An orc warrior comes into view. It is wielding a +0 trident.
You strike the helpless orc warlord from behind!
You hit the orc warlord but do no damage.
You kick the orc warlord, but do no damage.
You punch the orc warlord, but do no damage.
The orc warlord is heavily wounded.
You catch the helpless orc warlord completely off-guard!
You hit the orc warlord. You freeze the orc warlord.
You kick the orc warlord, but do no damage.
The orc warlord is heavily wounded.
The orc warlord seems less confused.
The orc warlord roars a battlecry!
The orc warriors go into a battle-frenzy!
Unknown command.
Aiming: Paralyse
Press: ? - help, Shift-Dir - straight line, p - orc warlord
Okay, then.
Aiming: Corrosive Bolt
Press: ? - help, Shift-Dir - straight line, f/p - orc warlord
Aim: an orc warlord, wielding a +0 dire flail and wearing a +0 plate armour (heavily wounded, extremely poisoned, slow, 83% to hit)
The bolt of acid misses the orc warlord.
Unknown command.
Aiming: Corrosive Bolt
Press: ? - help, Shift-Dir - straight line, f/p - orc warlord
Aim: an orc warlord, wielding a +0 dire flail and wearing a +0 plate armour (heavily wounded, extremely poisoned, slow, 83% to hit)
The bolt of acid hits the orc warlord.
The acid corrodes the orc warlord!
The orc warlord is heavily wounded.
The orc warlord is struck by your spines.
The orc warlord hits you with a +0 dire flail!
Aiming: Corrosive Bolt
Press: ? - help, Shift-Dir - straight line, f/p - orc warlord
Aim: an orc warlord, wielding a +0 dire flail and wearing a +0 plate armour (heavily wounded, extremely poisoned, slow, covered in acid, 83% to hit)
The bolt of acid hits the orc warlord!
The orc warlord seems to be corroded for longer.
The orc warlord is severely wounded.
The orc warlord is struck by your spines.
The orc warlord hits you with a +0 dire flail!!!
Ouch! That really hurt!
You die...
Kikubaaqudgha rasps: "You have failed me!
Welcome... death!"

##..##........
##...##........
#.)...#..# .
##)#...).#...
#......)......
##............
##)o.)..)).....
#o))....#...#.#
#@o).#.....#...
##.).##....#..
##.## ##.## ###
##


You could see an orc warlord (extremely poisoned, slow, corroded) and 2 orc
warriors.

Vanquished Creatures
  Pikel (D:4)
  2 orc knights (Orc:2)
  Sigmund (D:5)
  Edmund (D:6)
  Duvessa (D:6)
  A water moccasin (D:7)
  A hornet zombie (D:8)
  7 orc warriors
  A sky beast (D:7)
  3 ice beasts
  3 ogres
  A centaur (D:9)
  A kobold brigand (D:9)
  A phantom (D:6)
  2 gnoll sergeants
  2 bullfrogs (D:7)
  A scorpion (D:6)
  Dowan (D:6)
  2 wights (D:5)
  3 howler monkeys (D:9)
  A centaur zombie (D:9)
  3 bullfrog zombies
  6 hounds
  6 orc priests
  A jelly (D:6)
  2 iguanas
  A bullfrog skeleton (D:5)
  2 centaur skeletons (D:7)
  6 orc wizards
  Ijyb (D:3)
  A killer bee zombie (D:7)
  A hound zombie (D:5)
  A hound skeleton (D:5)
  A howler monkey zombie (D:9)
  A howler monkey skeleton (D:7)
  5 adders
  6 gnolls
  3 adder skeletons
  2 worms (D:5)
  5 dart slugs
  26 orcs
  11 ball pythons
  4 bats (D:2)
  3 endoplasms
  A giant cockroach (D:2)
  3 goblins
  5 hobgoblins
  3 jackals (D:1)
  A quokka (D:2)
  A frilled lizard (D:1)
  9 kobolds
  3 rats
161 creatures vanquished.

Vanquished Creatures (collateral kills)
  2 wights
2 creatures vanquished.

Vanquished Creatures (others)
  An orc warrior (Orc:2)
  18 fungi (Orc:2)
19 creatures vanquished.

Grand Total: 182 creatures vanquished

Notes
Turn   | Place    | Note
-------+----------+-------------------------------------------
     0 | D:1      | pesado the Demonspawn Venom Mage began the quest for the
                  | Orb.
     0 | D:1      | Reached XP level 1. HP: 13/13 MP: 3/3
   146 | D:1      | Found a faded altar of an unknown god.
   466 | D:1      | Gained mutation: You have large cloven feet. [demonic
                  | ancestry]
   466 | D:1      | Reached XP level 2. HP: 19/19 MP: 3/5
   725 | D:1      | Learned a level 2 spell: Poisonous Vapours
  1432 | D:2      | Reached skill level 4 in Poison Magic
  1743 | D:2      | Gained mutation: You are partially covered in sharp spines.
                  | [demonic ancestry]
  1743 | D:2      | Reached XP level 3. HP: 22/24 MP: 2/6
  2590 | D:3      | Learned a level 3 spell: Mephitic Cloud
  2612 | D:3      | Noticed Ijyb
  2650 | D:3      | Killed Ijyb
  2651 | D:3      | Reached skill level 1 in Air Magic
  2651 | D:3      | Reached XP level 4. HP: 12/30 MP: 7/7
  3523 | D:4      | Found a broken altar of Ashenzari.
  3524 | D:4      | Found a basalt altar of Yredelemnul.
  3525 | D:4      | Found a shadowy altar of Dithmenos.
  3539 | D:4      | Gained mutation: You are partially covered in molten
                  | scales. (AC +2) [demonic ancestry]
  3539 | D:4      | Reached XP level 5. HP: 35/35 MP: 8/8
  3572 | D:4      | Found a staircase to the Ecumenical Temple.
  3596 | D:4      | Noticed a lemure
  3597 | D:4      | Noticed Pikel
  3597 | D:4      | Noticed a lemure
  3597 | D:4      | Noticed a lemure
  3597 | D:4      | Noticed a lemure
  3615 | D:4      | Killed Pikel
  3616 | D:4      | Reached skill level 6 in Poison Magic
  3616 | D:4      | Reached XP level 6. HP: 12/41 MP: 8/9
  3616 | D:4      | Reached XP level 7. HP: 13/46 MP: 8/10
  4006 | D:4      | Learned a level 4 spell: Olgreb's Toxic Radiance
  4152 | D:4      | Reached skill level 7 in Poison Magic
  4440 | D:5      | Entered Level 5 of the Dungeon
  5117 | D:5      | Reached skill level 8 in Poison Magic
  5399 | D:6      | Found a runed translucent gate.
  5405 | D:6      | Found a runed translucent gate.
  5405 | D:6      | Found a runed translucent gate.
  5405 | D:6      | Noticed safid's ghost (novice HOFi)
  5461 | D:6      | Reached skill level 1 in Conjurations
  5461 | D:6      | Gained mutation: A weak demonic guardian rushes to your
                  | aid. [demonic ancestry]
  5461 | D:6      | Reached XP level 8. HP: 12/52 MP: 11/11
  5861 | D:5      | Noticed Sigmund
  5872 | D:5      | Killed Sigmund
  5873 | D:5      | Reached skill level 9 in Poison Magic
  6479 | D:6      | Noticed Dowan
  6491 | D:6      | Killed Dowan
  6496 | D:6      | Noticed Edmund
  6539 | D:6      | Killed Edmund
  6658 | D:6      | Noticed Duvessa
  6687 | D:6      | Killed Duvessa
  6688 | D:6      | Reached skill level 10 in Poison Magic
  6716 | D:6      | Learned a level 2 spell: Sublimation of Blood
  7007 | D:6      | Gained mutation: You have hoof-like feet. [demonic
                  | ancestry]
  7007 | D:6      | Reached XP level 9. HP: 47/57 MP: 14/14
  7207 | Temple   | Entered the Ecumenical Temple
  7335 | Temple   | Became a worshipper of Kikubaaqudgha
  7461 | D:7      | Found Odapn's Firing Range.
  8010 | D:7      | Reached skill level 5 in Spellcasting
  9212 | D:8      | Found Taib's Magic Scroll Shop.
 10320 | D:9      | Found a staircase to the Orcish Mines.
 10322 | D:9      | Reached skill level 1 in Necromancy
 10322 | D:9      | Reached * piety under Kikubaaqudgha
 10322 | D:9      | Received a gift from Kikubaaqudgha
 10551 | D:9      | Found a stormy altar of Qazlal.
 10949 | D:8      | Learned a level 4 spell: Airstrike
 10974 | D:8      | Learned a level 2 spell: Corpse Rot
 10998 | D:9      | Found Merell's Jewellery Boutique.
 11942 | D:8      | Bought a scroll of identify for 30 gold pieces
 11976 | Orc:1    | Entered Level 1 of the Orcish Mines
 11981 | Orc:1    | Reached skill level 5 in Necromancy
 12182 | Orc:1    | Noticed a kobold demonologist
 12182 | Orc:1    | You fall into a shaft and drop 1 floor!
 12182 | Orc:2    | Entered Level 2 of the Orcish Mines
 12184 | Orc:2    | Reached ** piety under Kikubaaqudgha
 12198 | Orc:2    | Noticed an orc knight
 12200 | Orc:2    | Gained mutation: You are mostly covered in sharp spines.
                  | [demonic ancestry]
 12200 | Orc:2    | Reached XP level 10. HP: 63/63 MP: 10/19
 12217 | Orc:2    | Killed an orc knight
 12221 | Orc:2    | Found Igoxir's Antique Weapon Emporium.
 12234 | Orc:2    | Reached skill level 5 in Air Magic
 12239 | Orc:2    | Noticed an orc knight
 12254 | Orc:2    | Killed an orc knight
 12380 | Orc:2    | Noticed an orc warlord
 12406 | Orc:2    | Slain by an orc warlord

Illustrated notes

Levels and vault maps discovered:
D:1:      dpeg_arrival_three_same_balls, layout_rooms,
          chequers_ecumenical_altar_island, lemuel_another_geyser
D:2:      layout_loops_corners
D:3:      layout_loops_ring, uniq_ijyb
D:4:      layout_rooms, chequers_temple_overflow_statue_of_worship,
          temple_pool_b, minmay_fractal_squares_gapless_5, uniq_pikel
D:5:      layout_basic, portal_sewer_entry_b, solitary_fountain,
          minmay_chambers_of_fives, uniq_sigmund
D:6:      layout_loops_ring, gammafunk_ghost_split, uniq_duvessa, uniq_edmund,
          uniq_crazy_yiuf_cottage
D:7:      layout_basic, nicolae_shop_firing_range
D:8:      layout_rooms, serial_shops, nicolae_shop_crystal
D:9:      layout_loops_cross, grunt_qazlal_sundering, david_orc_2, serial_shops,
          shop, skrybe_limestone_x
Temple:   compressed_dpeg_circular_temple
Orc:1:    orc_temple, layout_diamond_mine, serial_shops, nicolae_square_shop,
          basic_altar, special_room [special_room_kobold]
Orc:2:    grunt_orc_gardens, layout_caves, grunt_orc_garden, grunt_orc_garden,
          grunt_orc_garden, grunt_orc_garden, basic_altar, serial_shops, shop,
          mines2_david

Skill      XL: |  1  2  3  4  5  6  7  8  9 10 |
---------------+-------------------------------+-----
Poison Magic   | 4 6 8 10 | 10.4
Air Magic      | 1 2 4 5 |  5.4
Conjurations   | 1 2 |  2.1
Spellcasting   | 3 6 |  6.4
Necromancy     | 6 7 |  7.6
Short Blades   | |  0.4
Maces & Flails | |  0.1
Dodging        | |  1.7
Stealth        | |  1.7
Transmutations | |  0.8

Action                   |  1- 3 |  4- 6 |  7- 9 | 10-12 || total
-------------------------+-------+-------+-------+-------++-------
Melee: Dagger            |    19 |       |       |       ||    19
       Kick              |     6 |       |    48 |     4 ||    58
       Whip              |       |       |   107 |    10 ||   117
       Punch             |       |       |     1 |     1 ||     2
 Cast: Sting             |    38 |    19 |   160 |     5 ||   222
       Poisonous Vapours |    13 |    12 |    47 |    17 ||    89
       Mephitic Cloud    |       |       |    14 |     5 ||    19
       Sublimation of Bl |       |       |     5 |     3 ||     8
       Olgreb's Toxic Ra |       |       |    18 |     3 ||    21
       Airstrike         |       |       |     1 |     1 ||     2
       Corpse Rot        |       |       |       |     1 ||     1
Evoke: Wand              |       |       |       |     6 ||     6
  Use: Scroll            |     1 |       |    15 |       ||    16
       Potion            |       |     2 |     3 |     1 ||     6
 Stab: Distracted        |       |       |     2 |       ||     2
       Confused          |       |       |       |     2 ||     2
Armor: Robe              |     8 |     1 |    56 |     2 ||    67
Dodge: Dodged            |    42 |     7 |   163 |     4 ||   216
